 Dungeon Crawl Stone Soup version 0.28-a0-511-gcc94558de3 (webtiles) character file.

Game seed: 15832839203888468940

6 meatgazer the Skirmisher (level 1, -1/18 HPs)
             Began as a Demonspawn Abyssal Knight on Sept 21, 2021.
             Was an Initiate of Lugonu.
             Slain by a quokka (2 damage)
             ... on level 1 of the Dungeon.
             The game lasted 00:00:48 (353 turns).

meatgazer the Skirmisher (Demonspawn Abyssal Knight) Turns: 353, Time: 00:00:49

Health: -1/18      AC:  4    Str: 13    XL:     1   Next: 75%
Magic:  2/2        EV: 11    Int: 11    God:    Lugonu [......]
Gold:   13         SH:  0    Dex: 13    Spells: 0/0 levels left

rFire   . . .      SeeInvis .   a - +1 mace
rCold   . . .      Faith    .   (no shield)
rNeg    . . .      Spirit   .   b - +1 leather armour
rPois   .          Reflect  .   (no helmet)
rElec   .          Harm     .   (no cloak)
rCorr   .          Rampage  .   (no gloves)
Will    .....                   (no boots)
Stlth   +.........              (no amulet)
HPRegen 0.06/turn               (no ring)
MPRegen 0.08/turn               (no ring)

@: no status effects
A: no striking features
a: Renounce Religion


You were on level 1 of the Dungeon.
You worshipped Lugonu.
Lugonu was noncommittal.
You visited 1 branch of the dungeon, and saw 1 of its levels.
You visited the Abyss 1 time.

You collected 13 gold pieces.

Inventory:

Hand Weapons
 a - a +1 mace (weapon)
Armour
 b - a +1 leather armour (worn)
Scrolls
 c - 2 scrolls of identify
 d - a scroll of silence {unknown}
Potions
 e - a potion of flight


   Skills:
 + Level 3.2 Fighting
 + Level 1.7 Maces & Flails
 + Level 1.9 Armour
 + Level 1.1 Dodging
 + Level 2.4 Invocations


You couldn't memorise any spells.
You didn't know any spells.
Your spell library was empty.

Dungeon Overview and Level Annotations

Branches:
Dungeon (1/15)

Altars:


Message History

Lugonu accepts your kill.
You enter the shallow water.
Moving in this stuff is going to be slow.
The goblin hits you with a +0 club.
You hit the goblin.
The goblin is severely wounded.
The goblin barely misses you. The goblin hits you with a +0 club.
The quokka bites you but does no damage.
Your unstable footing causes you to fumble your attack.
The quokka misses you. The goblin barely misses you.
You hit the goblin.
You kill the goblin!
Lugonu accepts your kill.
You hear a splash.
The quokka bites you but does no damage.
The endoplasm freezes you.
You are frozen.
The quokka bites you.
You hit the endoplasm.
You kill the endoplasm!
Lugonu accepts your kill.
The quokka splashes around in the water. x2
You miss the quokka. The quokka closely misses you.
You closely miss the quokka.
The quokka splashes around in the water.
The quokka bites you.
You hit the quokka but do no damage.
The quokka bites you but does no damage.
You hit the quokka.
The quokka is severely wounded.
The quokka bites you.
* * * LOW HITPOINT WARNING * * *
The quokka bites you but does no damage.
You closely miss the quokka.
The quokka is severely wounded.
The quokka bites you.
* * * LOW HITPOINT WARNING * * *
You closely miss the quokka.
The quokka is severely wounded.
The quokka bites you.
You die...

##...≈≈.≈..
........≈.#
#...≈≈.≈.## #
#...≈≈≈.≈. .#
.#.≈≈≈≈≈..####..#
#
....≈≈≈..........
####
....≈≈).....#..._
...###
#≈≈≈r.#†......
...... #.≈≈@...#.
...###
##≈≈#.#.....#.#
####
#≈##.##.#..#.# #
#≈ #.##.##.#.# ##
#.##.##.#.#
#....##.#.#
###..##.#.#
#.###..##.#.#
#...........#


You could see a quokka.

Vanquished Creatures
  An endoplasm (D:1)
  A hobgoblin (D:1)
  A quokka (D:1)
  A goblin (D:1)
  2 kobolds (D:1)
6 creatures vanquished.

Vanquished Creatures (others)
  A lurking horror (Abyss:1)
1 creature vanquished.

Grand Total: 7 creatures vanquished

Notes
Turn   | Place    | Note
-------+----------+-------------------------------------------
     0 | Abyss:1  | meatgazer the Demonspawn Abyssal Knight began the quest for
                  | the Orb.
     0 | Abyss:1  | Reached XP level 1. HP: 18/18 MP: 2/2
    92 | Abyss:2  | Noticed a small abomination
    97 | Abyss:2  | Noticed a stone giant zombie
   192 | D:1      | Escaped the Abyss
   204 | D:1      | Reached skill level 1 in Dodging
   339 | D:1      | Found a faded altar of an unknown god.
   353 | D:1      | Slain by a quokka

Illustrated notes

Levels and vault maps discovered:
D:1:      dpeg_arrival_rhombus, layout_loops_ring, basic_ecumenical_altar,
          chequers_serial_rivers_small_3

Skill      XL: |  1 |
---------------+----+-----
Dodging        | 1 |  1.1
Fighting       | |  3.2
Maces & Flails | |  1.7
Armour         | |  1.9
Invocations    | |  2.4

Action                   || total
-------------------------++-------
Melee: Mace              ||    21
Invok: Depart the Abyss  ||     1
  Use: Scroll            ||     3
Armor: Leather armour    ||     6
Dodge: Dodged            ||    11

Table legend: (Time is in decaauts)
 A = Elapsed time spent in this place.
 B = Non-inter-level travel time spent in this place.
 C = Inter-level travel time spent in this place.
 D = Time resting spent in this place.
 E = Time spent auto-exploring this place.
 F = Levels seen in this place.
 G = Mean time per level.
                   A        B        C        D        E       F      G
               +--------+--------+--------+--------+--------+-----+--------+
         Total |    359 |    359 |      0 |     61 |    197 |   3 |  119.7 |
       Dungeon |    167 |    167 |      0 |      0 |    121 |   1 |  167.0 |
         Abyss |    191 |    191 |      0 |     61 |     76 |   2 |   95.5 |
               +--------+--------+--------+--------+--------+-----+--------+

Top non-repeatable levels by time:
     D:1: 167 daAuts
 Abyss:2: 131 daAuts
 Abyss:1: 60 daAuts
